 Dungeon Crawl Stone Soup version 0.7.1-24-ga64cc90 character file.

26487821 rob the Merfolkian Porcupine (level 27, 258/258 (260) HPs)
             Began as a Merfolk Crusader on Aug 30, 2010.
             Was the Champion of The Shining One (penitent).
             Escaped with the Orb
             ... and 15 runes (of 15 types) on Aug 31, 2010!
             The game lasted 10:18:06 (55820 turns).

rob the Merfolkian Porcupine (Merfolk Crusader)    Turns: 55820, Time: 10:18:06

HP 258/258 (260) AC 14     Str 15 Exp: 27/1501561 (3)
MP  25/41        EV 34     Int 23      God: *The Shining One
Gold 8295        SH 32     Dex 17      Spells: 14 memorised,  5 levels left

Res.Fire  : + + .   See Invis. : .   a - +9,+8 Blessed Trishula
Res.Cold  : + . .   Warding    : .   i - +5 robe {rC+}
Life Prot.: + + +   Conserve   : +   p - +3 dwarf shield {rflct} {god gift}
Res.Poison: .       Res.Corr.  : .   s - +0 golden helmet {Int+3}
Res.Elec. : .       Clarity    : +   m - +1 cloak of Hemmi {MR EV+3 Dam+3} Spirit.Shd: . Stasis : .
                                     e - +1 pair of gloves "Nuhu Ghi" {Int+2}
Sust.Abil.: . .     Rnd.Telep. : .   K - +1 pair of elf boots
Res.Mut.  : .       Ctrl.Telep.: +   k - amulet of conservation
Res.Rott. : .       Levitation : .   f - +0,+6 ring of slaying
Saprovore : . . .   Ctrl.Flight: .   Q - ring "Frosiytu" {rF++ EV+1}

@: repel missiles, very slightly glowing, extraordinarily resistant to hostile
enchantments, very stealthy
A: change form in water, blurry vision 1, clarity, herbivore 1, sense
surroundings 1, slow healing 1, Int -1, Dex +1
a: Renounce Religion


You escaped.
You worshipped The Shining One.
The Shining One was demanding penance.
You were very full.

You visited 16 branches of the dungeon, and saw 106 of its levels.
You visited Pandemonium 1 time, and saw 43 of its levels.
You visited the Abyss 3 times.
You visited 1 Labyrinth.
You visited 2 portal chambers: bailey, ice cave.

You collected 13005 gold pieces.
You spent 4730 gold pieces at shops.

Inventory:

Hand weapons
 a - a +9,+8 Blessed Trishula (weapon)
 L - the +5,+3 sabre of the Ten Demons {speed, rF+ rC+}
   (You found it on level 7 of the Dungeon)

   Attacks with this weapon take half as long as usual.
   It protects you from fire.
   It protects you from cold.
Armour
 e - the +1 pair of gloves "Nuhu Ghi" (worn) {Int+2}
   (You found it in Pandemonium)

   It affects your intelligence (+2).
 i - a +5 robe of cold resistance (worn)
 m - the +1 cloak of Hemmi (worn) {MR EV+3 Dam+3}
   (You found it on level 7 of the Iron City of Dis)

   It affects your evasion (+3).
   It affects your damage-dealing abilities (+3).
   It increases your resistance to enchantments.
 p - a +3 dwarven shield of reflection (worn) {god gift}
 s - a +0 golden helmet of intelligence (worn)
 t - a +2 dwarven cloak of poison resistance
 K - a +1 pair of elven boots (worn)
Magical devices
 c - a wand of disintegration (11)
 B - a wand of hasting (5)
 F - a wand of fire (4)
 G - a wand of digging (8)
 R - a wand of teleportation (4)
 Z - a wand of healing (2)
Comestibles
 n - 2 bread rations
 z - a royal jelly
Scrolls
 h - 10 scrolls of remove curse
 w - 10 scrolls of recharging
 x - 2 scrolls of blinking
 y - 2 scrolls of enchant armour
 A - a scroll of fog
Jewellery
 f - a +0,+6 ring of slaying (right hand)
 g - a +5,+3 ring of slaying
 k - an amulet of conservation (around neck)
 u - a +0,+5 ring of slaying
 H - a +0,+6 ring of slaying
 M - an uncursed amulet of resist mutation
 Q - the ring "Frosiytu" (left hand) {rF++ EV+1}
   (You bought it in a shop on level 8 of the Dungeon)

   [ring of evasion]

   It affects your evasion (+1).
   It greatly protects you from fire.
Potions
 j - 3 potions of restore abilities
 v - 5 potions of speed
 C - 3 potions of healing
 J - 4 potions of heal wounds
 W - 4 potions of resistance
 X - a potion of magic
Orbs of Power
 q - the Orb of Zot
Miscellaneous
 b - a bone rune of Zot
 l - a slimy rune of Zot
 o - a dark rune of Zot
 r - a demonic rune of Zot
 D - an abyssal rune of Zot
 E - a magical rune of Zot
 I - a decaying rune of Zot
 N - a golden rune of Zot
 O - an obsidian rune of Zot
 P - an icy rune of Zot
 S - a fiery rune of Zot
 T - a serpentine rune of Zot
 U - an iron rune of Zot
 V - a silver rune of Zot
 Y - a glowing rune of Zot You had 3 experience left.


   Skills:
 + Level 22 Fighting
 * Level 27 Polearms
 + Level 23 Dodging
 - Level 6 Stealth
 - Level 7 Stabbing
 + Level 16 Shields
 + Level 6 Traps & Doors
 + Level 7 Unarmed Combat
 + Level 13 Spellcasting
 - Level 16 Enchantments
 - Level 4 Necromancy
 - Level 10 Translocations
 + Level 5 Ice Magic
 - Level 3 Air Magic
 + Level 12 Invocations
 - Level 4 Evocations


You had 5 spell levels left.
You knew the following spells:

 Your Spells              Type           Power        Success   Level
a - Apportation           Tloc           #######...   Excellent   1
b - Blink                 Tloc           N/A          Excellent   2
c - Control Teleport      Ench/Tloc      #######...   Excellent   4
d - Summon Butterflies    Summ           ###.......   Great       1
h - Haste                 Ench           #######..    Excellent   6
i - Insulation            Air/Ench       #######...   Excellent   4
l - Flight                Air/Ench       #######...   Excellent   4
o - Ozocubu's Armour      Ice/Ench       #######...   Excellent   3
p - Phase Shift           Tloc           #######...   Excellent   5
r - Repel Missiles        Air/Ench       #######...   Excellent   2
s - Swiftness             Air/Ench       #######...   Excellent   2
t - Teleport Self         Tloc           N/A          Excellent   5
S - Silence               Air/Ench       #######...   Excellent   5
Z - Berserker Rage        Ench           N/A          Excellent   3

Dungeon Overview and Level Annotations

Branches:
Dungeon (27/27)            Temple (1/1) D:7             Orc (4/4) D:6
   Lair (8/8) D:10          Swamp (5/5) Lair:5        Slime (6/6) Lair:8
  Snake (5/5) Lair:6        Vault (8/8) D:19          Blade (0/1) Vault:6
  Crypt (5/5) Vault:3        Tomb (3/3) Crypt:3         Dis (7/7) Hell
    Geh (7/7) Hell            Coc (7/7) Hell            Tar (7/7) Hell
    Zot (5/5) D:27
    Elf: Orc:3-4       Hive: D:11-16

Altars:
Elyvilon
Fedhas
Kikubaaqudgha
Makhleb
Okawaru
Sif Muna
The Shining One
Trog
Vehumet
Xom
Yredelemnul
Beogh
Jiyva

Shops:
D:6: [ D:8: *([/= D:11: ((! D:21: / Orc:3: //*?* Orc:4: ! Snake:5: [ Vault:8: [

Portals:
Hell: D:21 D:22 D:23 D:24 D:25 D:27
Abyss: D:22 D:23 D:26
Pan: D:24
Ziggurat: D:4 (4780 gp) D:16 (9010 gp)

Annotations
D:10 unseen horror
D:11 tele trap
D:14 hive
D:18 exclusion: downstairs
D:22 jellies?
D:25 jellies, exclusion: upstairs
D:27 exclusion: 2 oklob plants
Swamp:5 exclusion: 43 foul pestilence clouds
Vault:5 exclusions: downstairs and storm dragon
Crypt:3 exclusion: curse skull
Crypt:5 exclusion: curse skull
Geh:1 exclusion: 7 flame clouds
Zot:2 tele trap, exclusions: curse toe and downstairs


Innate Abilities, Weirdness & Mutations

You revert to your normal form in water.
You are agile (Dex +1).
Your vision is a little blurry.
You possess an exceptional clarity of mind.
You are dopey (Int -1).
You digest meat inefficiently.
You passively map a small area around you.
You heal slowly.


Message History

Cast which spell? (? or * to list)
You feel strangely unstable.
You may choose your destination (press '.' or delete to select).
Expect minor deviation.
There is a stone staircase leading up here.
Are you sure you want to leave the Dungeon?
You have escaped!

* #.................
*#...##.####.####.##* * .
#...##...# ...# #.}.##.}.#
.}.# , #...##...# ... * #.
##.####.## #.# * #
#.}.###.####.####.####.##
#........................ *
##.##....@.....<.....<...
,#.........................
#.}.###.####.####.####.##
#... #.# #.# ##.## .# * ...
... #%..# * #.}. #.}.##.}.#
* #... #(..##...# *
##.####.####.####.#. *
...................


There were no monsters in sight!

Vanquished Creatures
  Asmodeus (Geh:7)
  Gloorx Vloq (Pan)
  the royal jelly (Slime:6)
  Ereshkigal (Tar:7)
  Dispater (Dis:7)
  Mnoleg (Pan)
  Lom Lobon (Pan)
  A Serpent of Hell (Geh:7)
  Boris (twice) (Snake:5 Tomb:2)
  8 greater mummies
  Margery (Tomb:2)
  Geryon (D:21)
  4 liches
  10 Fiends
  2 titans (Vault:8)
  14 acid blobs
  8 shadow dragons
  10 sphinxes
  2 storm dragons
  2 demon lords (Pan)
  5 Shadow Fiends
  Frances (Snake:1)
  13 Ice Fiends
  8 frost giants
  30 Executioners (Pan)
  10 azure jellies
  Donald (Orc:3)
  A bone dragon (Tar:7)
  19 Balrugs
  An orc warlord (D:24)
  3 tentacled monstrosities
  The ghost of Voker57 the Destroyer, a powerful DSFE of Okawaru (D:17)
  A draconian annihilator (Abyss)
  A quicksilver dragon skeleton (Abyss)
  26 stone giants
  7 Pit Fiends (Pan)
  3 fire giants
  A Green Death (Pan)
  A sphinx skeleton (Pan)
  10 Blue Deaths
  A purple draconian (Zot:3)
  A black draconian (Zot:2)
  2 pale draconians
  Azrael (Snake:1)
  A yellow draconian (Abyss)
  13 greater nagas (Snake:5)
  A red draconian (Zot:2)
  16 yaktaur captains
  2 vampire knights (Crypt:5)
  7 Cacodemons
  5 great orbs of eyes
  32 vault guards
  3 storm dragon skeletons
  A minotaur (Lab)
  2 golden dragon zombies (Crypt:5)
  10 mummy priests
  8 death oozes
  10 ice dragons
  An anaconda zombie (Geh:5)
  11 hydras
  6 ogre magi
  A draconian (shapeshifter) (Vault:1)
  A golden dragon skeleton (Vault:5)
  Nessos (D:16)
  3 anacondas
  A rakshasa (D:23)
  6 shadow dragon zombies
  An alligator (Swamp:5)
  9 dancing weapons (Crypt:5)
  An iron dragon zombie (Dis:7)
  7 shadow dragon skeletons
  A deep elf demonologist (D:26)
  A deep troll (shapeshifter) (D:26)
  A death yak (Port)
  10 centaur warriors
  A stone giant zombie (Vault:1)
  4 deep trolls (Vault:7)
  A griffon (D:16)
  A frost giant skeleton (Vault:1)
  4 hell hogs
  3 stone giant skeletons
  2 dire elephant zombies
  9 iron golems (Dis:7)
  The ghost of jvjs the Grappler, an experienced TrBe of Trog (D:8)
  Erolcha (D:9)
  2 fire giant skeletons
  4 sun demons
  A giant orange brain (Pan)
  86 skeletal warriors
  7 iron trolls (Dis:7)
  11 soul eaters
  12 ice devils
  A rock troll (shapeshifter) (D:26)
  An elephant slug zombie (Geh:3)
  An elf (shapeshifter) (D:15)
  7 hell knights
  A black draconian zombie (Tomb:2)
  10 naga warriors
  A dire elephant skeleton (Tomb:2)
  A swamp dragon (Swamp:3)
  2 unseen horrors
  10 necromancers
  An alligator snapping turtle skeleton (Abyss)
  18 orc knights
  3 ice statues
  3 yellow draconian skeletons
  A human (shapeshifter) (Vault:8)
  3 shining eyes
  2 black draconian skeletons
  11 giant amoebae
  2 mottled draconian skeletons
  2 white draconian skeletons (Pan)
  14 hellions
  3 iron troll zombies
  7 guardian serpents
  3 hydra zombies (Swamp:5)
  A sea snake skeleton (Crypt:3)
  A pale draconian skeleton (Crypt:3)
  10 flayed ghosts
  A purple draconian skeleton (Abyss)
  Joseph (D:9)
  5 orc sorcerers
  A red draconian skeleton (Pan)
  A minotaur zombie (Abyss)
  2 iron troll skeletons
  9 hill giants
  2 vampire magi (Crypt:5)
  A death yak skeleton (Crypt:5)
  5 green draconian skeletons
  A spiny worm (Abyss)
  2 siren zombies
  6 spectral warriors
  11 cyclopes
  A crystal golem (Abyss)
  A death drake zombie (Dis:3)
  2 guardian serpents (shapeshifter)
  2 red wasps
  3 flaming corpses
  An oklob plant (Swamp:5)
  7 harpies
  3 spectral hydras (Swamp:5)
  3 siren skeletons
  4 hydra skeletons
  2 Lorocyprocas
  A minotaur skeleton (Crypt:1)
  3 moths of wrath
  5 ice dragon zombies
  A black mamba (shapeshifter) (Vault:1)
  A dragon zombie (Geh:5)
  A stone giant simulacrum (Vault:2)
  2 trapdoor spiders
  A griffon zombie (Crypt:5)
  2 eyes of devastation
  An alligator zombie (Crypt:5)
  2 wolf spiders
  11 black mambas
  2 elephant slugs
  10 spiny frogs
  A black mamba zombie (Geh:4)
  A mimic (D:15)
  21 reapers
  An alligator skeleton (Crypt:5)
  2 dragon skeletons
  A guardian serpent skeleton (Geh:6)
  2 spiny worm zombies
  32 yaktaurs
  A griffon skeleton (Vault:2)
  A queen ant (Lair:3)
  A black mamba skeleton (Crypt:3)
  40 orange demons
  72 slime creatures
  14 tormentors
  3 ice dragon skeletons (Coc:7)
  6 rock trolls
  3 queen ant zombies
  3 spriggan zombies
  42 hellwings
  A mermaid (shapeshifter) (Vault:7)
  6 naga magi
  32 guardian mummies
  A wandering mushroom (D:19)
  A giant toad skeleton (D:16)
  32 smoke demons
  A queen bee (Lair:7)
  6 trolls
  19 polar bears
  2 spriggan skeletons
  2 komodo dragons
  Prince Ribbit (D:6)
  A queen bee (shapeshifter) (D:21)
  15 iron devils
  61 ugly things
  33 large large abominations
  A deep troll zombie (Geh:6)
  A rock troll zombie (Vault:3)
  4 efreeti
  Grinder (D:7)
  A baby alligator zombie (Geh:2)
  19 brown oozes
  A minotaur simulacrum (Abyss)
  A snapping turtle zombie (Crypt:5)
  10 blink frogs
  3 rock troll skeletons
  12 two-headed ogres
  3 baby alligators (Swamp:5)
  2 redback zombies
  15 vampires
  17 giant toads
  5 human zombies
  16 sixfirhies
  A wyvern (Lair:5)
  4 blue devils
  A lindwurm zombie (Crypt:5)
  A deep elf conjurer (Hell)
  An air elemental (Abyss)
  A grizzly bear (Lair:4)
  7 demonic crawlers (Pan)
  2 lindwurm skeletons
  A spectral swamp dragon (Swamp:5)
  8 shadow demons
  A bumblebee (shapeshifter) (D:26)
  3 fire drake zombies (Crypt:5)
  2 vipers
  61 yaks
  10 metal gargoyles (Dis:7)
  A rotting hulk (Crypt:5)
  2 swamp dragon skeletons
  A chaos spawn (Abyss)
  3 elephant skeletons
  5 golden eyes
  3 swamp dragon zombies (Swamp:5)
  A blink frog skeleton (Tar:2)
  16 ynoxinuls
  3 fire elementals (Snake:1)
  6 hippogriffs
  A queen ant simulacrum (Abyss)
  13 war dogs
  2 sharks (Lair:7)
  7 hungry ghosts
  A wood golem (Pan)
  2 giant blowfly zombies
  A hog zombie (Geh:6)
  33 wraiths
  3 merfolk (shapeshifter)
  12 ghouls
  2 komodo dragon zombies
  A hill giant simulacrum (Abyss)
  A fire drake skeleton (Geh:2)
  4 giant blowflies
  47 neqoxecs
  A viper skeleton (Geh:3)
  4 water elementals (Coc:7)
  A yaktaur zombie (D:12)
  5 hairy devils
  8 molten gargoyles (Geh:7)
  A rock worm (D:18)
  A giant slug (shapeshifter) (Vault:8)
  A yaktaur skeleton (Vault:3)
  18 insubstantial wisps
  A manticore zombie (D:16)
  9 swamp worms
  3 mottled dragons
  An orange crystal statue (D:9)
  25 necrophages
  2 cyclops zombies
  3 giant slug zombies
  3 mermaid skeletons
  35 orc warriors
  A manticore (D:16)
  24 red devils
  33 phantoms
  A black bear (D:14)
  18 freezing wraiths
  12 ice beasts
  20 hell hounds
  Duvessa (D:7)
  2 giant goldfish (Swamp:1)
  A rock worm zombie (Crypt:5)
  6 beasts
  10 giant goldfish zombies
  A hippogriff zombie (Crypt:5)
  A kobold demonologist (D:18)
  A wyvern skeleton (Crypt:3)
  13 soldier ants
  2 polar bear zombies
  A troll zombie (D:12)
  14 wolves (Port)
  A giant blowfly simulacrum (D:21)
  13 rotting devils
  4 swamp worm zombies (Swamp:5)
  41 nagas
  29 ogres
  4 swamp drakes
  3 gila monsters
  17 centaurs
  An ettin skeleton (Geh:7)
  3 wargs
  A giant goldfish skeleton (Coc:3)
  A centaur zombie (Geh:7)
  A yak skeleton (Geh:6)
  2 lava worms (Geh:2)
  4 boring beetles
  A war dog skeleton (Crypt:3)
  A war dog zombie (Dis:3)
  5 giant slugs
  2 big kobolds
  25 water moccasins
  18 giant frogs
  A giant frog zombie (Crypt:5)
  A big kobold (shapeshifter) (Vault:4)
  3 soldier ant zombies
  32 small abominations
  2 giant leeches (Swamp:5)
  A giant frog skeleton (Geh:7)
  Blork the orc (Orc:2)
  A brain worm (Abyss)
  4 crocodiles
  6 giant snails
  A warg zombie (Crypt:5)
  A black bear skeleton (Tomb:2)
  A two-headed ogre skeleton (Geh:6)
  20 jellyfish
  7 eyes of draining
  11 electric eels
  3 boulder beetles
  4 lava fish
  28 killer bees
  17 wights
  4 big kobold zombies
  2 giant beetles
  A pulsating lump (Slime:6)
  3 big kobold skeletons
  2 brain worm zombies
  An ogre skeleton (Crypt:5)
  2 boulder beetle simulacra
  Dowan (D:7)
  32 imps
  34 shadows
  4 hound zombies
  7 lava snakes
  15 orc priests
  Crazy Yiuf (D:3)
  5 big fish (D:12)
  A gila monster skeleton (Crypt:5)
  7 hounds
  52 iron imps
  6 iguanas
  42 giant ants
  3 hound skeletons
  18 orc wizards
  An orange rat zombie (Coc:7)
  11 scorpions
  28 orange rats
  3 swamp drake zombies
  A sheep (D:20)
  6 big fish zombies
  A spectral swamp drake (Swamp:5)
  A steam dragon skeleton (Geh:7)
  2 worm zombies
  Ijyb (D:3)
  2 big fish skeletons
  16 jellies
  2 fire vortices (Pan)
  3 boggarts (D:22)
  72 flying skulls
  5 mummies
  47 midges
  5 gnolls
  53 green rats
  19 shadow imps
  25 snakes
  A giant centipede zombie (Crypt:3)
  5 giant mites
  A human skeleton (Crypt:5)
  56 lemures
  2 giant centipedes
  3 iguana skeletons
  3 sheep skeletons
  3 snake skeletons
  49 white imps
  4 giant mosquitos (Swamp:1)
  4 worms
  81 ufetubi
  Terence (D:2)
  90 grey rats
  A giant bat simulacrum (Tomb:1)
  5 giant eyeballs
  A giant mite zombie (Crypt:1)
  A green rat zombie (Geh:2)
  6 giant geckos
  2 gnoll skeletons
  2 gnoll zombies
  A green rat skeleton (Crypt:1)
  11 oozes
  7 giant cockroaches
  18 goblins
  17 hobgoblins
  40 kobolds
  An orc (shapeshifter) (Vault:8)
  118 orcs
  2 small snakes
  An ant larva zombie (Crypt:5)
  81 giant bats
  2 giant cockroach zombies
  A giant gecko zombie (Geh:7)
  2 giant mosquito zombies (Crypt:5)
  4 giant newts
  A giant newt skeleton (Coc:7)
  A giant newt zombie (Tar:1)
  3 giant spores
  A goblin skeleton (Crypt:4)
  2 grey rat skeletons
  A grey rat zombie (Tar:1)
  3 hobgoblin skeletons
  20 jackals
  2 killer bee larvae (Lair:7)
  A killer bee larva zombie (Dis:4)
  A kobold skeleton (Geh:7)
  6 orc skeletons
  An orc zombie (D:8)
  4 quokkas
  2 quokka skeletons
  5 quokka zombies
  37 rats
  A rat zombie (Crypt:2)
  A small snake skeleton (Crypt:5)
  A small snake zombie (Dis:6)
  9 ballistomycetes
  2 fungi
  2 plants
  7 toadstools
3525 creatures vanquished.

Vanquished Creatures (collateral kills)
  Antaeus (Coc:7)
  25 greater mummies
  2 Fiends (Geh:7)
  A sphinx (Tomb:1)
  An iron dragon (Dis:7)
  11 mummy priests
  A centaur warrior (Dis:7)
  A soul eater (Tomb:3)
  2 hell knights (Tomb:2)
  4 shadow wraiths
  A hill giant (Dis:7)
  An ice devil (Tomb:3)
  A red draconian zombie (Tomb:1)
  2 flayed ghosts (Tomb:1)
  A necromancer (Tomb:2)
  An orc knight (Dis:7)
  A purple draconian skeleton (Tomb:1)
  A guardian serpent skeleton (Tomb:1)
  8 reapers
  5 orange demons (Tomb:1)
  74 guardian mummies
  4 hellwings (Tomb:1)
  An efreet (Pan)
  An elephant slug simulacrum (Tomb:2)
  2 smoke demons
  A sixfirhy (Tomb:1)
  2 blue devils (Tomb:1)
  7 ynoxinuls
  2 wraiths (Tomb:1)
  2 swamp dragon skeletons (Tomb:2)
  A beast (Tomb:1)
  A spiny worm simulacrum (Tomb:1)
  5 neqoxecs
  A ghoul (Tomb:1)
  A necrophage (Tomb:1)
  A freezing wraith (Tomb:1)
  A giant slug simulacrum (Tomb:1)
  2 wights
  2 imps
  A soldier ant simulacrum (Tomb:1)
  10 shadows
  An iron imp (Tomb:1)
  26 mummies
  7 flying skulls
  A lemure (Tomb:2)
  A shadow imp (Tomb:1)
  15 ufetubi
  A quokka simulacrum (Tomb:2)
245 creatures vanquished.

Vanquished Creatures (others)
  Cerebov (Pan)
  9 Daevas
  A draconian annihilator (Abyss)
  7 Angels
  A stone giant skeleton (Vault:8)
  A large large abomination (Pan)
  2 necromancers
  27 slime creatures
  An orange demon (Pan)
  A guardian mummy (Tomb:2)
  4 yaks (Port)
  A hairy devil (Coc:7)
  A cyclops skeleton (Geh:2)
  A centaur (Slime:3)
  A rotting devil (Coc:4)
  2 wolves (Port)
  A wight (Geh:2)
  4 small abominations (Pan)
  An orc priest (D:24)
  An iron imp (Dis:7)
  7 mummies
  3 flying skulls
  A green rat (Crypt:5)
  2 snakes
  3 lemures
  An ufetubus (Pan)
  3 grey rats
  A giant eyeball (Pan)
  A gnoll zombie (Crypt:2)
  A kobold (Port)
  2 giant newts
  A giant spore (Abyss)
  2 goblins
  A jackal (Lair:3)
  2 rats (Crypt:5)
  A rat skeleton (Geh:2)
  6 fungi
  91 toadstools
197 creatures vanquished.

Grand Total: 3967 creatures vanquished

Notes
Turn   | Place    | Note
--------------------------------------------------------------
     0 | D:1      | rob, the Merfolk Crusader, began the quest for the Orb.
     0 | D:1      | Reached XP level 1. HP: 14/14 MP: 1/1
   162 | D:1      | Reached skill 4 in Polearms
   178 | D:1      | Reached XP level 2. HP: 4/21 MP: 2/3
   182 | D:1      | Learned a level 2 spell: Freezing Aura
   201 | D:1      | ok
   410 | D:2      | Reached XP level 3. HP: 24/27 MP: 2/4
   423 | D:2      | Learned a level 3 spell: Berserker Rage
   436 | D:2      | Noticed Terence
   562 | D:2      | Defeated Terence
   734 | D:3      | Noticed Crazy Yiuf
   746 | D:3      | Defeated Crazy Yiuf
   746 | D:3      | Reached XP level 4. HP: 34/34 MP: 2/6
   765 | D:3      | Noticed Ijyb
   800 | D:3      | Defeated Ijyb
   873 | D:3      | Reached skill 1 in Ice Magic
   955 | D:3      | Reached XP level 5. HP: 42/42 MP: 7/7
  1054 | D:4      | Learned a level 3 spell: Regeneration
  1100 | D:4      | Found a gateway to a ziggurat.
  1119 | D:5      | Entered Level 5 of the Dungeon
  1123 | D:5      | Reached skill 1 in Stealth
  1160 | D:5      | Reached skill 5 in Polearms
  1174 | D:5      | Reached XP level 6. HP: 10/47 MP: 2/9
  1322 | D:4      | Reached skill 6 in Polearms
  1482 | D:5      | Reached skill 7 in Polearms
  1537 | D:5      | Reached XP level 7. HP: 53/56 MP: 9/10
  1781 | D:6      | Found Tueduzi's Antique Armour Emporium.
  1793 | D:6      | Bought a pair of elven boots for 48 gold pieces
  1811 | D:7      | Reached skill 8 in Polearms
  1811 | D:7      | Reached skill 5 in Dodging
  1872 | D:7      | Reached XP level 8. HP: 63/63 MP: 7/12
  1892 | D:7      | Learned a level 2 spell: Repel Missiles
  1920 | D:7      | Got a steaming sabre
  1931 | D:7      | Reached skill 9 in Polearms
  1942 | D:7      | Noticed Grinder
  1945 | D:7      | Reached skill 5 in Enchantments
  1951 | D:7      | Defeated Grinder
  1984 | D:7      | Found a staircase to the Ecumenical Temple.
  1995 | Temple   | Entered the Ecumenical Temple
  2007 | Temple   | Became a worshipper of Warmaster Okawaru
  2044 | D:7      | Got an encrusted robe
  2064 | D:7      | Identified the cursed -1 robe of the Iron Devil (You found it on level 7 of the Dungeon)
  2076 | D:7      | Identified the sabre of the Ten Demons {speed, rF+ rC+} (You found it on level 7 of the Dungeon)
  2242 | D:8      | Found Otomad's Jewellery Boutique.
  2252 | D:8      | Reached skill 5 in Fighting
  2341 | D:8      | Found Xoamyth's Magical Wand Emporium.
  2427 | D:8      | Found Leukaf's Antique Weapon Emporium.
  2525 | D:8      | Noticed jvjs' ghost
  2531 | D:8      | Reached skill 10 in Polearms
  2535 | D:8      | Defeated jvjs' ghost
  2535 | D:8      | Reached XP level 9. HP: 72/72 MP: 10/15
  2543 | D:8      | oh wow
  2655 | D:8      | Found Shusugug's General Store.
  2660 | D:8      | Bought a potion of healing for 30 gold pieces
  2673 | D:9      | Reached skill 1 in Stabbing
  2720 | D:8      | Found Plog's Antique Armour Shop.
  2727 | D:8      | Bought a shiny helmet for 72 gold pieces
  2730 | D:8      | Bought a runed robe for 20 gold pieces
  2829 | D:9      | You fall through a shaft!
  2829 | D:10     | Entered Level 10 of the Dungeon
  2865 | D:10     | Acquired Okawaru's first power
  2898 | D:11     | Reached skill 11 in Polearms
  3094 | D:9      | Noticed Erolcha
  3108 | D:9      | Defeated Erolcha
  3108 | D:9      | Reached XP level 10. HP: 81/81 MP: 3/17
  3136 | D:9      | Reached skill 1 in Necromancy
  3163 | D:9      | Found a shimmering altar of Xom.
  3246 | D:11     | Found Siux's Distillery.
  3261 | D:11     | Reached skill 12 in Polearms
  3276 | D:11     | Bought a potion of confusion for 1 gold piece
  3276 | D:11     | Bought 2 potions of poison for 2 gold pieces
  3311 | D:12     | Got a brightly glowing robe
  3370 | D:12     | Identified the cursed -1 robe of Defence (You found it on level 12 of the Dungeon)
  3526 | D:12     | Reached skill 13 in Polearms
  3549 | D:13     | Reached XP level 11. HP: 89/89 MP: 12/18
  3687 | D:12     | Reached skill 14 in Polearms
  3732 | D:11     | Reached skill 1 in Evocations
  3881 | D:11     | Found Gauwaroa's Weapon Shoppe.
  3885 | D:11     | Reached skill 1 in Air Magic
  3903 | D:11     | hmm
  3963 | D:11     | Found Qyunaach's Weapon Boutique.
  4341 | D:12     | Reached skill 10 in Dodging
  4743 | D:13     | Reached XP level 12. HP: 100/100 MP: 19/21
  5085 | D:13     | Found a white marble altar of Elyvilon.
  5116 | D:14     | Acquired Okawaru's second power
  5568 | D:10     | heh
  5735 | D:9      | Reached skill 15 in Polearms
  5879 | D:9      | Noticed Joseph
  5891 | D:9      | Defeated Joseph
  5950 | D:9      | Learned a level 1 spell: Apportation
  5957 | D:9      | Learned a level 6 spell: Haste
  5969 | D:9      | Found an ancient bone altar of Kikubaaqudgha.
  6055 | D:9      | Reached skill 1 in Translocations
  6271 | D:7      | Noticed Dowan
  6283 | D:7      | Defeated Dowan
  6284 | D:7      | Noticed Duvessa
  6288 | D:7      | Reached skill 10 in Fighting
  6297 | D:7      | Reached skill 10 in Enchantments
  6300 | D:7      | Defeated Duvessa
  6368 | D:6      | Noticed Prince Ribbit
  6376 | D:6      | Defeated Prince Ribbit
  6416 | D:6      | Reached skill 5 in Spellcasting
  6424 | D:6      | Received a gift from Okawaru
  6425 | D:6      | Got a brightly glowing robe {god gift}
  6432 | D:6      | Identified the +2 robe of Okawaru's Pride {god gift} (Okawaru gifted it to you on level 6 of the Dungeon)
  6696 | D:6      | Found a staircase to the Orcish Mines.
  6760 | D:6      | Learned a level 2 spell: Fire Brand
  6766 | Orc:1    | Entered Level 1 of the Orcish Mines
  6996 | Orc:2    | Noticed Blork the orc
  7015 | Orc:2    | Defeated Blork the orc
  7171 | Orc:3    | Found Iroupong's Magical Wand Shop.
  7171 | Orc:3    | Found Sufaw's General Store.
  7199 | Orc:3    | Found Wipuagri's Magical Wand Boutique.
  7210 | Orc:3    | Bought a scroll of blinking for 45 gold pieces
  7210 | Orc:3    | Bought a potion of heal wounds for 45 gold pieces
  7230 | Orc:3    | Bought a wand of disintegration (11) for 268 gold pieces
  7264 | Orc:4    | Entered Level 4 of the Orcish Mines
  7299 | Orc:4    | Found Shie's Distillery.
  7425 | Orc:3    | Noticed Donald
  7602 | Orc:3    | Found Twiux's Magic Scroll Shoppe.
  7615 | Orc:3    | Found a flagged portal.
  7616 | Orc:3    | Found Khaeraco's Assorted Antiques. 7620
                  | bailey
                  | Entered the bailey 7702
                  | bailey
                  | Received a gift from Okawaru 7703
                  | bailey
                  | Got a fine scythe {god gift} 7704
                  | bailey
                  | Identified the scythe of Khuocefu {god gift, slay orc, AC+1 Int+1} (Okawaru gifted it to you in the bailey) 7845
                  | bailey
                  | Identified a scroll of acquirement
  7869 | Orc:3    | Bought 3 scrolls of enchant armour for 460 gold pieces
  7943 | Orc:3    | oh right, a duck
  7958 | Orc:3    | Defeated Donald
  7964 | Orc:3    | Reached XP level 13. HP: 112/112 MP: 16/23
  7998 | Orc:3    | Bought a scroll of vorpalise weapon for 320 gold pieces
  7998 | Orc:3    | Bought a scroll of enchant weapon I for 76 gold pieces
  7998 | Orc:3    | Bought a scroll of noise for 3 gold pieces
  7998 | Orc:3    | Bought a scroll of enchant weapon I for 76 gold pieces
  8135 | Orc:4    | Bought a potion of agility for 30 gold pieces
  8150 | Orc:3    | Bought a scroll of identify for 30 gold pieces
  8218 | D:8      | Bought an uncursed amulet of resist mutation for 231 gold pieces
  8218 | D:8      | Bought a +2,+4 ring of slaying for 693 gold pieces
  8218 | D:8      | Bought the ring "Frosiytu" {rF++ EV+1} for 423 gold pieces
  8229 | D:8      | Bought a wand of teleportation (11) for 364 gold pieces
  8517 | D:10     | Found a staircase to the Lair.
  8561 | Lair:1   | Entered Level 1 of the Lair of Beasts
  8783 | Lair:3   | Received a gift from Okawaru
  9175 | Lair:2   | Received a gift from Okawaru
  9591 | Lair:6   | Found a staircase to the Snake Pit.
  9640 | Snake:1  | Entered Level 1 of the Snake Pit
  9650 | Snake:1  | Noticed Frances
  9681 | Snake:1  | Defeated Frances
  9826 | Snake:1  | Noticed Azrael
  9842 | Snake:1  | Defeated Azrael
  9842 | Snake:1  | Reached XP level 14. HP: 124/124 MP: 1/24
  9861 | Snake:1  | Reached skill 16 in Polearms
  9908 | Snake:2  | Learned a level 2 spell: Blink
  9980 | Snake:3  | Reached skill 5 in Stabbing
 10103 | Snake:5  | Entered Level 5 of the Snake Pit
 10224 | Snake:5  | Found a blossoming altar of Fedhas.
 10287 | Snake:5  | yay
 10290 | Snake:5  | Noticed Francis
 10332 | Snake:5  | Noticed Boris
 10371 | Snake:5  | Defeated Boris
 10371 | Snake:5  | Received a gift from Okawaru
 10504 | Snake:5  | Noticed Mara
 10513 | Snake:5  | no demon trident not worth the risk
 10540 | Snake:5  | should have brought that
 10963 | Snake:5  | nice one, oka
 11143 | Snake:4  | Reached XP level 15. HP: 95/131 MP: 9/28
 11238 | Snake:4  | Reached skill 1 in Traps & Doors
 11272 | Snake:4  | oh nice
 11499 | Snake:5  | Found Gasoado's Armour Emporium.
 11560 | Snake:5  | Reached skill 15 in Dodging
 11582 | Snake:5  | Noticed Saint Roka
 11849 | Snake:5  | Noticed Frederick
 11850 | Snake:5  | wow
 12015 | Snake:3  | Gained mutation: Your body is slowly deteriorating.
 12139 | Snake:5  | gah
 12312 | Snake:5  | Got a serpentine rune of Zot
 12761 | Lair:8   | Entered Level 8 of the Lair of Beasts
 12821 | Lair:8   | Found a staircase to the Slime Pits.
 12840 | Lair:7   | Noticed a wolf spider
 12855 | Lair:7   | Defeated a wolf spider
 12882 | Lair:7   | Received a gift from Okawaru
 13073 | Lair:7   | Reached skill 1 in Shields
 13251 | Lair:7   | Reached skill 17 in Polearms
 13644 | Lair:5   | Reached XP level 16. HP: 141/141 MP: 26/29
 13658 | Lair:5   | Reached skill 5 in Translocations
 13775 | Lair:4   | Received a gift from Okawaru
 14327 | Lair:5   | Found a staircase to the Swamp.
 14373 | Swamp:1  | Entered Level 1 of the Swamp
 14570 | Swamp:1  | Received a gift from Okawaru
 14571 | Swamp:1  | Got a transparent halberd {god gift}
 14638 | Swamp:2  | Reached skill 1 in Unarmed Combat
 14924 | Swamp:5  | Entered Level 5 of the Swamp
 15444 | Swamp:5  | Received a gift from Okawaru
 15649 | Swamp:5  | Got a decaying rune of Zot
 15929 | Lair:5   | Identified the halberd "Kezixir" {god gift, slay drac, +Lev rPois AC+6} (Okawaru gifted it to you on level 1 of the Swamp)
 16006 | Lair:2   | Reached skill 5 in Shields
 16057 | Lair:1   | Learned a level 5 spell: Teleport Self
 16372 | D:15     | Entered Level 15 of the Dungeon
 16433 | D:16     | Found a roughly hewn altar of Beogh.
 16487 | D:17     | Noticed Voker57's ghost
 16500 | D:17     | Defeated Voker57's ghost
 16547 | D:16     | Received a gift from Okawaru
 16869 | D:16     | Noticed Nessos
 16881 | D:16     | Reached skill 18 in Polearms
 16881 | D:16     | Defeated Nessos
 17018 | D:16     | Received a gift from Okawaru
 17103 | D:16     | Found a gateway to a ziggurat.
 17520 | D:17     | Gained mutation: Your mind is acute (Int +1).
 17680 | D:17     | Reached XP level 17. HP: 69/151 MP: 27/30
 18021 | D:19     | Found an ancient bone altar of Kikubaaqudgha.
 18218 | D:18     | Reached skill 5 in Stealth
 18311 | D:18     | Reached skill 1 in Invocations
 18348 | D:19     | Found a staircase to the Vaults.
 18423 | Vault:1  | Entered Level 1 of the Vaults
 18465 | Vault:1  | Learned a level 4 spell: Control Teleport
 18601 | Vault:2  | Received a gift from Okawaru
 18733 | Vault:2  | Reached skill 19 in Polearms
 19004 | Vault:5  | Gained mutation: Your muscles are strong (Str +1).
 19517 | Vault:3  | Found a frozen archway.
 19675 | IceCv    | Entered an ice cave
 19723 | IceCv    | Reached XP level 18. HP: 108/158 MP: 25/31
 20524 | Vault:3  | Found a staircase to the Crypt.
 20730 | Vault:6  | Received a gift from Okawaru
 21025 | Vault:7  | Reached skill 5 in Ice Magic
 21029 | Vault:8  | Entered Level 8 of the Vaults
 21190 | Vault:7  | Reached skill 20 in Polearms
 21464 | Vault:7  | Reached XP level 19. HP: 142/166 MP: 25/32
 21652 | Vault:8  | Reached XP level 18. HP: 159/159 MP: 12/31
 21656 | Vault:8  | Reached XP level 19. HP: 152/166 MP: 14/32
 21663 | Vault:8  | yay, demon trident
 21720 | Vault:8  | Received a gift from Okawaru
 21740 | Vault:8  | Noticed a guardian serpent
 21746 | Vault:8  | Defeated a guardian serpent
 21844 | Vault:8  | Reached XP level 18. HP: 134/238 MP: 0/31
 21849 | Vault:8  | Reached XP level 19. HP: 116/166 MP: 2/32
 22060 | Vault:8  | Reached skill 21 in Polearms
 22061 | Vault:8  | Reached XP level 18. HP: 153/159 MP: 22/32
 22170 | Vault:8  | sneaky bastard followed me
 22226 | Vault:8  | Noticed a shining eye
 22226 | Vault:8  | argh
 22231 | Vault:8  | A shining eye changed into a cyclops
 22234 | Vault:8  | Noticed a deep elf high priest
 22477 | Vault:8  | Got a shimmering leather armour
 22497 | Vault:8  | Got a silver rune of Zot
 22542 | Vault:8  | Learned a level 3 spell: Ozocubu's Armour
 22558 | Vault:8  | Found Pnoss' Antique Armour Shop.
 22596 | Vault:7  | Identified the cursed -2 leather armour of Surprise (You found it on level 8 of the Vaults)
 22809 | Vault:6  | Found a staircase to the Hall of Blades.
 23030 | D:20     | Entered Level 20 of the Dungeon
 23198 | D:21     | Received a gift from Okawaru
 23199 | D:21     | Got a fine demon trident {god gift}
 23200 | D:21     | Identified the demon trident "Qanem" {god gift, elec, Hunger EV+3} (Okawaru gifted it to you on level 21 of the Dungeon)
 23238 | D:21     | Reached XP level 19. HP: 166/166 MP: 27/33
 23357 | D:21     | Found Mnaiqiur's Magical Wand Boutique.
 23644 | D:21     | Found a gateway to Hell.
 24235 | D:25     | Entered Level 25 of the Dungeon
 24458 | D:24     | Reached skill 10 in Shields
 24554 | D:26     | Found a one-way gate to the infinite horrors of the Abyss.
 24569 | D:27     | Entered Level 27 of the Dungeon
 24595 | Zot:1    | Entered Level 1 of the Realm of Zot
 24962 | Zot:2    | Received a gift from Okawaru
 24995 | Zot:2    | Got a pitted trident {god gift}
 24996 | Zot:2    | Identified the trident of Cruel Justice {god gift, pierce, rN+} (Okawaru gifted it to you on level 2 of the Realm of Zot)
 25137 | D:27     | Learned a level 2 spell: Swiftness
 25189 | D:27     | Reached skill 15 in Fighting
 25532 | D:8      | Bought a book of Dreams for 1125 gold pieces
 25605 | Temple   | Fell from the grace of Okawaru
 25605 | Temple   | Was placed under penance by Okawaru
 25605 | Temple   | Became a worshipper of The Shining One
 25985 | Crypt:1  | Entered Level 1 of the Crypt
 26110 | Crypt:3  | Reached skill 15 in Enchantments
 26217 | Crypt:3  | Acquired The Shining One's first power
 26262 | Crypt:4  | Found a labyrinth entrance.
 26274 | Lab      | Entered a Labyrinth
 26581 | Crypt:3  | Reached skill 10 in Spellcasting
 26746 | Crypt:3  | Acquired The Shining One's second power
 26992 | Crypt:5  | Entered Level 5 of the Crypt
 27422 | Crypt:5  | Reached XP level 20. HP: 173/178 MP: 35/35
 27528 | Crypt:5  | Found a basalt altar of Yredelemnul.
 27551 | Crypt:5  | Reached skill 22 in Polearms
 27904 | Crypt:5  | Acquired The Shining One's third power
 28499 | Crypt:5  | Acquired The Shining One's fourth power
 29086 | Crypt:3  | Found a staircase to the Tomb.
 29900 | Crypt:1  | Learned a level 4 spell: Selective Amnesia
 29907 | Crypt:1  | Learned a level 4 spell: Flight
 30210 | Hell     | Entered the Vestibule of Hell
 30211 | Hell     | Noticed Geryon
 30211 | Hell     | A cyclops changed into a guardian serpent
 30221 | Hell     | Defeated a guardian serpent shaped shifter
 30287 | D:21     | Defeated Geryon
 30863 | D:21     | Reached XP level 21. HP: 172/185 MP: 34/36
 32190 | D:9      | Noticed a naga warrior
 32190 | D:9      | Noticed a centaur warrior
 32190 | D:9      | Noticed an orc knight
 32190 | D:9      | Noticed a naga warrior
 32201 | D:9      | Defeated a centaur warrior
 32292 | Temple   | Identified a +9,+8 Blessed Trishula (a +9,+8 demon trident blessed by the Shining One)
 32317 | D:7      | Noticed a titan
 32317 | D:7      | Noticed an orc knight
 32317 | D:7      | Noticed a naga warrior
 32317 | D:7      | Noticed an orc knight
 32317 | D:7      | Noticed a centaur warrior
 32366 | D:8      | Bought a faintly glowing robe for 165 gold pieces
 32366 | D:8      | Bought a distressingly furry leather armour for 203 gold pieces
 32373 | D:8      | Identified the cursed +2 robe of the Exiled Curses (You bought it in a shop on level 8 of the Dungeon)
 32382 | D:8      | Identified the +3 leather armour "Schiw Cus" (You bought it in a shop on level 8 of the Dungeon)
 32402 | D:8      | Learned a level 4 spell: Selective Amnesia
 33009 | D:22     | Noticed a naga warrior
 33009 | D:22     | Noticed a naga warrior
 33016 | D:22     | Defeated a naga warrior
 33170 | D:23     | Reached skill 23 in Polearms
 33274 | D:24     | Noticed a naga warrior
 33572 | D:25     | Found a viscous altar of Jiyva.
 33700 | D:26     | Got a fine platinum amulet
 33703 | D:26     | Identified the amulet of Skaej (You found it on level 26 of the Dungeon)
 33720 | D:26     | Noticed a deep elf demonologist
 33725 | D:26     | Defeated a deep elf demonologist
 33975 | D:27     | Gained mutation: You are agile (Dex +1).
 34234 | D:27     | Reached XP level 22. HP: 150/195 MP: 36/36
 34263 | D:27     | Learned a level 5 spell: Phase Shift
 34409 | D:24     | Noticed an orc warlord
 34421 | D:24     | Defeated an orc warlord
 34561 | D:24     | Found a one-way gate leading to the halls of Pandemonium.
 34704 | Pan      | Entered Pandemonium
 34980 | Pan      | Noticed Zyliot the pandemonium lord
 34996 | Pan      | oh didn't realise haste was running out
 34999 | Pan      | Gained mutation: Armour fits poorly on your unusually shaped body.
 35897 | Pan      | Gained mutation: You are agile (Dex +2).
 36026 | Pan      | Reached skill 5 in Invocations
 36115 | Pan      | Reached skill 24 in Polearms
 36352 | Pan      | Reached XP level 23. HP: 202/202 MP: 37/37
 36394 | Pan      | Noticed Gloorx Vloq
 36505 | Pan      | Got a dark rune of Zot
 36798 | Pan      | Defeated Gloorx Vloq
 36799 | Pan      | that was painless
 36882 | Pan      | Reached skill 25 in Polearms
 36993 | Pan      | Found a gateway to a ziggurat.
 37477 | Pan      | Noticed Lom Lobon
 37479 | Pan      | Got a magical rune of Zot
 37487 | Pan      | Lost mutation: Your muscles are strong (Str +1).
 37497 | Pan      | Defeated Lom Lobon
 37773 | Pan      | Reached skill 26 in Polearms
 37777 | Pan      | Gained mutation: Your vision is a little blurry.
 37781 | Pan      | argh
 37798 | Pan      | Got a smoking ivory ring
 37812 | Pan      | Identified the ring of Henotheism (You found it in Pandemonium)
 37839 | Pan      | Got a levitating book
 37849 | Pan      | Identified Sif Muna's Book of Congealing Conjuration (You found it in Pandemonium)
 37865 | Pan      | Learned a level 4 spell: Insulation
 37884 | Pan      | Got a black book
 37886 | Pan      | Identified the Compendium of Shape Shifting (You found it in Pandemonium)
 37907 | Pan      | Got a shimmering brass amulet
 37928 | Pan      | Got a levitating book
 37935 | Pan      | Got a dazzling robe
 37947 | Pan      | Identified the amulet "Suwk" (You found it in Pandemonium)
 37957 | Pan      | Got a pair of transparent gloves
 37961 | Pan      | Identified the +1 pair of gloves "Nuhu Ghi" (You found it in Pandemonium)
 37974 | Pan      | Got a blackened book
 37975 | Pan      | Identified Sif Muna's Reference Book on Cloudy Bewitchment (You found it in Pandemonium)
 37975 | Pan      | Identified the Volume of Karma (You found it in Pandemonium)
 38128 | Pan      | Noticed Cerebov
 38313 | Pan      | Reached XP level 24. HP: 123/211 MP: 27/38
 38354 | Pan      | Got a fiery rune of Zot
 38546 | Pan      | Gained mutation: You are weak (Str -1).
 38754 | Pan      | Defeated Cerebov
 38757 | Pan      | Identified the cursed -4 robe "Shuigg" (You found it in Pandemonium)
 38808 | Pan      | Gained mutation: You have a fast metabolism.
 39198 | Pan      | Lost mutation: You have a fast metabolism.
 39349 | Pan      | Noticed Mnoleg
 39363 | Pan      | Defeated Mnoleg
 39371 | Pan      | Got a glowing rune of Zot
 39712 | Pan      | Noticed Tuylufej the pandemonium lord
 39785 | Pan      | Reached skill 27 in Polearms
 40472 | Pan      | Noticed Raeget the pandemonium lord
 40556 | Pan      | Noticed Smisagy the pandemonium lord
 40565 | Pan      | Defeated Smisagy the pandemonium lord
 41640 | Pan      | Lost mutation: Your vision is a little blurry.
 41640 | Pan      | Lost mutation: Armour fits poorly on your unusually shaped body.
 41640 | Pan      | Lost mutation: Your mind is acute (Int +1).
 41640 | Pan      | Lost mutation: Your body is slowly deteriorating.
 41640 | Pan      | Lost mutation: You are weak (Str -1).
 41759 | Pan      | Lost mutation: You are agile (Dex +2).
 41779 | Pan      | Noticed Lynuas the pandemonium lord
 41791 | Pan      | Defeated Lynuas the pandemonium lord
 41806 | Pan      | Reached XP level 25. HP: 183/221 MP: 38/38
 42130 | Pan      | Noticed Strothro the pandemonium lord
 42201 | Pan      | Noticed Luawn the pandemonium lord
 42284 | Pan      | Noticed Threb Yne the pandemonium lord
 42392 | Pan      | Got a demonic rune of Zot
 42412 | Pan      | You are cast into the Abyss!
 42412 | Pan      | Cast into the Abyss (distortion unwield)
 42412 | Abyss    | Entered The Abyss
 42891 | D:24     | You pass through the gate.
 42948 | D:24     | Learned a level 5 spell: Silence
 43023 | Hell     | Noticed a deep elf conjurer
 43041 | Hell     | Defeated a deep elf conjurer
 43056 | Hell     | Found a gateway to the Iron City of Dis.
 43062 | Dis:1    | Entered Level 1 of the Iron City of Dis
 43744 | Dis:7    | Entered Level 7 of the Iron City of Dis
 44116 | Dis:7    | Noticed Dispater
 44117 | Dis:7    | Noticed a Fiend
 44174 | Dis:7    | Defeated Dispater
 44199 | Dis:7    | Noticed an iron dragon
 44234 | Dis:7    | Defeated a Fiend
 44234 | Dis:7    | Reached XP level 26. HP: 232/232 MP: 10/39
 44267 | Dis:7    | Defeated an iron dragon
 44302 | Dis:7    | Got an iron rune of Zot
 44310 | Dis:7    | Got a slimy cloak
 44327 | Dis:7    | Identified the +1 cloak of Hemmi (You found it on level 7 of the Iron City of Dis)
 44381 | Hell     | Found a gateway to the decaying netherworld of Tartarus.
 44445 | Tar:1    | Entered Level 1 of Tartarus
 45076 | Tar:7    | Entered Level 7 of Tartarus
 45217 | Tar:7    | Noticed Ereshkigal
 45232 | Tar:7    | Defeated Ereshkigal
 45255 | Tar:7    | Got a bone rune of Zot
 45316 | Hell     | Reached skill 5 in Unarmed Combat
 45320 | Hell     | Reached skill 15 in Shields
 45346 | Hell     | Found a gateway to the freezing wastes of Cocytus.
 45365 | Coc:1    | Entered Level 1 of Cocytus
 45702 | Coc:7    | Entered Level 7 of Cocytus
 46058 | Coc:7    | Reached XP level 27. HP: 186/242 MP: 40/40
 46081 | Coc:7    | Noticed Antaeus
 46125 | Coc:7    | Defeated Antaeus
 46317 | Coc:7    | Got an icy rune of Zot
 46367 | Hell     | Found a gateway to Gehenna.
 46390 | Geh:1    | Entered Level 1 of Gehenna
 46565 | Geh:2    | Noticed a Fiend
 46571 | Geh:2    | Defeated a Fiend
 46678 | Geh:3    | Noticed a Fiend
 46684 | Geh:3    | Defeated a Fiend
 46897 | Geh:5    | You are cast into the Abyss!
 46897 | Geh:5    | Cast into the Abyss (the effects of Hell)
 46932 | Abyss    | Noticed a red devil
 46937 | Abyss    | Defeated a red devil
 47056 | Abyss    | Noticed an air elemental
 47061 | Abyss    | Defeated an air elemental
 47143 | Abyss    | Noticed a minotaur simulacrum
 47146 | Abyss    | Defeated a minotaur simulacrum
 47190 | Geh:5    | You pass through the gate.
 47398 | Geh:6    | Noticed a Fiend
 47403 | Geh:6    | Defeated a Fiend
 47473 | Geh:7    | Entered Level 7 of Gehenna
 47583 | Geh:7    | Noticed a Serpent of Hell
 47594 | Geh:7    | Defeated a Serpent of Hell
 47709 | Geh:7    | Noticed a Fiend
 47716 | Geh:7    | Defeated a Fiend
 47739 | Geh:7    | Noticed a Fiend
 47739 | Geh:7    | Noticed a Fiend
 47755 | Geh:7    | Defeated a Fiend
 47762 | Geh:7    | Defeated a Fiend
 47769 | Geh:7    | Noticed Asmodeus
 47799 | Geh:7    | Defeated Asmodeus
 47807 | Geh:7    | Noticed a Fiend
 47810 | Geh:7    | Defeated a Fiend
 47874 | Geh:7    | Noticed a Fiend
 47881 | Geh:7    | Defeated a Fiend
 47935 | Geh:7    | Got an obsidian rune of Zot
 48219 | Tomb:1   | Entered Level 1 of the Tomb of the Ancients
 48700 | Tomb:1   | Gained mutation: Your vision is a little blurry.
 48856 | Tomb:2   | Noticed Margery
 48927 | Tomb:2   | Defeated Margery
 48932 | Tomb:2   | Noticed Boris
 48964 | Tomb:2   | Defeated Boris
 49345 | Tomb:2   | Reached skill 5 in Traps & Doors
 49447 | Tomb:1   | Reached skill 10 in Invocations
 50127 | Tomb:3   | Entered Level 3 of the Tomb of the Ancients
 51043 | Tomb:3   | Got a golden rune of Zot
 51481 | Lair:1   | ugh
 51795 | D:10     | Noticed a stone giant
 51795 | D:10     | Noticed a frost giant
 51795 | D:10     | Noticed an orc knight
 51795 | D:10     | Noticed a centaur warrior
 51883 | Slime:1  | Entered Level 1 of the Pits of Slime
 52023 | Slime:3  | Found a blossoming altar of Fedhas.
 52152 | Slime:6  | Entered Level 6 of the Pits of Slime
 52222 | Slime:6  | Noticed the royal jelly
 52391 | Slime:6  | Found a viscous altar of Jiyva.
 52700 | Slime:6  | Defeated the royal jelly
 52792 | Slime:6  | Got a slimy rune of Zot
 52814 | Slime:6  | Got a pair of encrusted boots
 52828 | Slime:6  | Gained mutation: You digest meat inefficiently.
 52835 | Slime:6  | Got a twitching jade ring
 52836 | Slime:6  | Identified the ring "Psymui" (You found it on level 6 of the Pits of Slime)
 52848 | Slime:6  | Gained mutation: You heal slowly.
 52850 | Slime:6  | Got a sparkling book
 52854 | Slime:6  | Got a crude glaive
 52931 | Lair:8   | Identified the cursed -2 pair of boots of Greater Demons (You found it on level 6 of the Pits of Slime)
 53276 | D:22     | Noticed a titan
 53276 | D:22     | Was forgiven by Okawaru
 53355 | D:23     | Identified the Almanac of the Many Places (You found it on level 6 of the Pits of Slime)
 53358 | D:23     | Learned a level 1 spell: Summon Butterflies
 53382 | Abyss    | Noticed a yellow draconian
 53400 | Abyss    | Defeated a yellow draconian
 53676 | Abyss    | Noticed a crystal golem
 53715 | Abyss    | Noticed a purple draconian annihilator
 53725 | Abyss    | Defeated a purple draconian annihilator
 53743 | Abyss    | Gained mutation: You are dopey (Int -1).
 53745 | Abyss    | Gained mutation: You possess an exceptional clarity of mind.
 53761 | Abyss    | Defeated a crystal golem
 53774 | Abyss    | Noticed a spiny worm
 53789 | Abyss    | Defeated a spiny worm
 53962 | Abyss    | Noticed a brown ugly thing
 53962 | Abyss    | Noticed a brown ugly thing
 53962 | Abyss    | Noticed a brown ugly thing
 53962 | Abyss    | Noticed a brown ugly thing
 53966 | Abyss    | Noticed a brown ugly thing
 53967 | Abyss    | Defeated a brown ugly thing
 53968 | Abyss    | Noticed a brown ugly thing
 53971 | Abyss    | Defeated a brown ugly thing
 54023 | Abyss    | Noticed a hill giant simulacrum
 54029 | Abyss    | Defeated a hill giant simulacrum
 54046 | Abyss    | Reached skill 10 in Translocations
 54261 | Abyss    | Noticed a crystal golem
 54463 | Abyss    | Noticed a pale draconian
 54473 | Abyss    | Defeated a pale draconian
 54632 | Abyss    | Noticed a shining eye
 54639 | Abyss    | Defeated a shining eye
 54852 | Abyss    | Got an abyssal rune of Zot
 54858 | Abyss    | Noticed a red draconian annihilator
 54865 | Abyss    | Defeated a red draconian annihilator
 55000 | Abyss    | Noticed a queen ant simulacrum
 55009 | Abyss    | Defeated a queen ant simulacrum
 55031 | D:23     | You pass through the gate.
 55128 | Zot:5    | Entered Level 5 of the Realm of Zot
 55192 | Zot:5    | Noticed an orb of fire
 55192 | Zot:5    | Noticed an orb of fire
 55206 | Zot:5    | Got the Orb of Zot
 55214 | Zot:5    | Noticed an ancient lich
 55217 | Zot:5    | Noticed an ancient lich
 55335 | D:23     | Was placed under penance by The Shining One
 55493 | D:17     | Gained mutation: You passively map a small area around you.
 55797 | D:3      | Noticed Dyson the pandemonium lord
 55820 | D:$      | Escaped with the Orb!
